 Dungeon Crawl Stone Soup version 0.31-a0-1499-ge0622b2318 (webtiles) character file.

Game seed: 7723905518721713808

290 jlumianski the Ruffian (level 6, 0/47 HPs)
             Began as a Gnoll Shapeshifter on Dec 30, 2023.
             Was an Initiate of Wu Jian.
             Slain by an orc wizard
             ... wielding a +0 dagger
              (2 damage)
             ... on level 3 of the Dungeon.
             The game lasted 00:06:48 (1583 turns).

jlumianski the Ruffian (Gnoll Shapeshifter)         Turns: 1583, Time: 00:06:48

Health: 0/47       AC:  3    Str: 15    XL:     6   Next: 32%
Magic:  8/9        EV: 13    Int:  9    God:    Wu Jian [......]
Gold:   129        SH:  0    Dex: 12    Spells: 9/9 levels left

rFire   . .          .
                       - Unarmed
rCold   . . .        (no shield)
rNeg    . . .        e - +0 leather armour
rPois   .            (helmet currently unavailable)
rElec   .            (cloak currently unavailable)
rCorr   .            (gloves currently unavailable)
SInv    .            (boots currently unavailable)
Will    .....        (no amulet)
Stlth   +            (no ring)
HPRegen 0.27/turn    (no ring)
MPRegen 0.11/turn

%: no passive effects
@: confused, mighty, beast-form
A: beast (slay +3), fangs 1, strong nose, distributed training
a: Begin Untransformation, Renounce Religion


You were on level 3 of the Dungeon.
You worshipped Wu Jian.
Wu Jian was noncommittal.
You were a hulking beast.
You visited 1 branch of the dungeon, and saw 4 of its levels.

You collected 129 gold pieces.

Inventory:

Armour
 a - a +0 animal skin
 e - a +0 leather armour (worn)
 g - a +0 helmet
 l - a +0 pair of boots
 m - a +0 pair of gloves
Magical Staves
 i - a staff of conjuration
Talismans
 c - a beast talisman
 d - a flux talisman
Wands
 n - a wand of flame (28)
Scrolls
 f - a scroll of vulnerability {unknown}
 j - 2 scrolls of identify {unknown}
Potions
 b - a potion of lignification
 h - 2 potions of might
 k - a potion of berserk rage {unknown}


   Skills:
 + Level 3.2 Fighting
 + Level 2.0 Short Blades
 + Level 2.0 Long Blades
 + Level 2.0 Axes
 + Level 2.0 Maces & Flails
 + Level 2.0 Polearms
 + Level 2.0 Staves
 + Level 2.0 Ranged Weapons
 + Level 2.0 Throwing
 + Level 2.0 Armour
 + Level 5.0 Dodging
 + Level 2.0 Stealth
 + Level 2.0 Shields
 + Level 6.8 Unarmed Combat
 + Level 2.0 Spellcasting
 + Level 1.5 Conjurations
 + Level 1.5 Hexes
 + Level 1.5 Summonings
 + Level 1.5 Necromancy
 + Level 1.5 Translocations
 + Level 1.5 Fire Magic
 + Level 1.5 Ice Magic
 + Level 1.5 Air Magic
 + Level 1.5 Earth Magic
 + Level 1.5 Alchemy
 + Level 2.2 Invocations
 + Level 2.0 Evocations
 + Level 6.7 Shapeshifting


You had 9 spell levels left.
You didn't know any spells.
Your spell library contained the following spells:

 Spells                   Type           Power      Damage    Failure   Level
 Cigotuvi's Dreadful Rot  Necr/Alch/Air  6%         N/A       32%         2
 Hailstorm                Conj/Ice       3%         3d5       54%         3
 Summon Ice Beast         Ice/Summ       3%         N/A       54%         3
 Ignite Poison            Fire/Alch      3%         N/A       91%         4
 Freezing Cloud           Conj/Ice/Air   1%         6-21      99%         5
 Conjure Ball Lightning   Conj/Air       1%         3x3d6     100%        6
 Sculpt Simulacrum        Ice/Alch       1%         N/A       100%        6
 Discord                  Hex            1%         N/A       100%        8
 Disjunction              Tloc           1%         N/A       100%        8


Dungeon Overview and Level Annotations

Branches:
Dungeon (4/15)
 Temple: D:4-7

Altars:
Cheibriados
Makhleb
Wu Jian


Innate Abilities, Weirdness & Mutations

You are a hulking beast.
Your limbs bulge with bestial killing power. (Slay +3)
You have very sharp teeth.
Your uncanny sense of smell can sniff out nearby items.
Your experience applies equally to all skills.


Message History

You bite the orc wizard, but do no damage.
The orc wizard is almost dead.
The orc wizard gestures wildly while chanting.
The orc wizard flickers and vanishes!
Deactivating autopickup; reactivate with Ctrl-A.
The orc closely misses you.
The orc wizard gestures at you while chanting.
The puff of flame hits you!
You bump into the rock wall.
The orc closely misses you.
The orc wizard points at you and mumbles some strange words.
The magic dart hits you!
* * * LOW HITPOINT WARNING * * *
It was a potion of might.
You feel very mighty all of a sudden. The orc wizard casts a spell at you.
You are more confused.
The orc barely misses you.
You punch the orc wizard!
You kill the orc wizard!
The Council accepts your kill.
Your Short Blades skill increases to level 2!
Your Long Blades skill increases to level 2!
Your Axes skill increases to level 2!
Your Maces & Flails skill increases to level 2!
Your Polearms skill increases to level 2!
Your Staves skill increases to level 2!
Your Ranged Weapons skill increases to level 2!
Your Throwing skill increases to level 2!
Your Armour skill increases to level 2!
Your Stealth skill increases to level 2!
Your Shields skill increases to level 2!
Your Spellcasting skill increases to level 2!
Your Evocations skill increases to level 2!
You bump into the rock wall.
The orc misses you. Something hits you but does no damage.
You bump into the rock wall.
The orc hits you from afar with a +0 trident!
* * * LOW HITPOINT WARNING * * *
Something hits you.
You die...

#.....#.###............##
###.###.........#.##.###
####.#######..####.##.# ###
#..........#....##.##.# #### ..#
#.##.##.##.#.......##.# #... #.#
#.##.##.##.#.>.[...##.# #.#
..###.##...............##.# #.##
.)....##.##.##.#..........# #.#.
..##..##.##.##.#h#####.#######.#.
#.##...........#)### .# #.......
..##.###########o......###.###...
####..# #...#####.......##.
##.### #...#####.##.#..... ##
##...## #...#...#.##.#..##.
.###.....## #...#.#.#.##..).##.
..###.....#####..>#.#.#..........
#.._#..........^....#....#(#...##


You could see an orc.

Vanquished Creatures
  Pargi (D:3)
  An iguana (D:1)
  3 orc wizards (D:3)
  3 adders
  A dart slug (D:1)
  An orc (D:3)
  7 endoplasms
  A giant cockroach (D:1)
  5 goblins
  2 hobgoblins
  5 jackals (D:1)
  3 kobolds
  3 quokkas (D:1)
  7 ball pythons
  12 bats
  4 frilled lizards
  6 rats
65 creatures vanquished.

Notes
Turn   | Place    | Note
-------+----------+-------------------------------------------
     0 | D:1      | jlumianski the Gnoll Shapeshifter began the quest for the
                  | Orb.
     0 | D:1      | Reached XP level 1. HP: 17/17 MP: 1/1
   101 | D:1      | Reached XP level 2. HP: 22/23 MP: 2/2
   194 | D:1      | Reached XP level 3. HP: 26/28 MP: 3/3
   392 | D:1      | Reached skill level 1 in Invocations
   522 | D:2      | Reached skill level 1 in Short Blades
   522 | D:2      | Reached skill level 1 in Long Blades
   522 | D:2      | Reached skill level 1 in Axes
   522 | D:2      | Reached skill level 1 in Maces & Flails
   522 | D:2      | Reached skill level 1 in Polearms
   522 | D:2      | Reached skill level 1 in Staves
   522 | D:2      | Reached skill level 1 in Ranged Weapons
   522 | D:2      | Reached skill level 1 in Throwing
   522 | D:2      | Reached skill level 1 in Armour
   522 | D:2      | Reached skill level 1 in Stealth
   522 | D:2      | Reached skill level 1 in Shields
   522 | D:2      | Reached skill level 1 in Spellcasting
   522 | D:2      | Reached skill level 1 in Evocations
   628 | D:1      | Reached skill level 1 in Conjurations
   628 | D:1      | Reached skill level 1 in Hexes
   628 | D:1      | Reached skill level 1 in Summonings
   628 | D:1      | Reached skill level 1 in Necromancy
   628 | D:1      | Reached skill level 1 in Translocations
   628 | D:1      | Reached skill level 1 in Fire Magic
   628 | D:1      | Reached skill level 1 in Ice Magic
   628 | D:1      | Reached skill level 1 in Air Magic
   628 | D:1      | Reached skill level 1 in Earth Magic
   628 | D:1      | Reached skill level 1 in Alchemy
   628 | D:1      | Reached XP level 4. HP: 22/34 MP: 5/5
   945 | D:3      | Reached XP level 5. HP: 30/40 MP: 5/7
  1261 | D:3      | Found a snail-covered altar of Cheibriados.
  1261 | D:3      | Found a burning altar of Makhleb.
  1270 | D:3      | Found a faded altar of an unknown god.
  1272 | D:3      | Found a faded altar of an unknown god.
  1274 | D:3      | Found an ornate altar of the Wu Jian Council.
  1280 | D:3      | Became a worshipper of the Wu Jian Council
  1429 | D:4      | Noticed a centaur
  1475 | D:3      | Noticed Pargi
  1483 | D:3      | Killed Pargi
  1484 | D:3      | Reached skill level 5 in Dodging
  1484 | D:3      | Reached XP level 6. HP: 34/47 MP: 8/8
  1583 | D:3      | HP: 2/47 [orc/+0 trident (8)]
  1583 | D:3      | Slain by an orc wizard

Illustrated notes

Levels and vault maps discovered:
D:1:      tarquinn_simple_flora_water_c, layout_rooms, minmay_tiny_reverse_x
D:2:      layout_loops_ring, uniq_crazy_yiuf_cottage
D:3:      layout_loops_cross, chequers_temple_overflow_minitemple, uniq_pargi
D:4:      layout_layer_cave, mainiacjoe_overflow_surrounded_room

Skill      XL: |  1  2  3  4  5  6 |
---------------+-------------------+-----
Invocations    | 1 2 |  2.2
Short Blades   | 1 2 |  2.0
Long Blades    | 1 2 |  2.0
Axes           | 1 2 |  2.0
Maces & Flails | 1 2 |  2.0
Polearms       | 1 2 |  2.0
Staves         | 1 2 |  2.0
Ranged Weapons | 1 2 |  2.0
Throwing       | 1 2 |  2.0
Armour         | 1 2 |  2.0
Stealth        | 1 2 |  2.0
Shields        | 1 2 |  2.0
Spellcasting   | 1 2 |  2.0
Evocations     | 1 2 |  2.0
Conjurations   | 1 |  1.5
Hexes          | 1 |  1.5
Summonings     | 1 |  1.5
Necromancy     | 1 |  1.5
Translocations | 1 |  1.5
Fire Magic     | 1 |  1.5
Ice Magic      | 1 |  1.5
Air Magic      | 1 |  1.5
Earth Magic    | 1 |  1.5
Alchemy        | 1 |  1.5
Fighting       | 3 |  3.2
Dodging        | 5 |  5.0
Unarmed Combat | |  6.8
Shapeshifting  | |  6.7

Action                     |  1- 3 |  4- 6 || total
---------------------------+-------+-------++-------
  Melee: Unarmed           |    74 |    66 ||   140
         Punch             |     3 |       ||     3
         Bite              |     6 |     2 ||     8
Ability: Lunge             |       |     3 ||     3
  Evoke: Wand              |       |     1 ||     1
    Use: Potion            |       |     1 ||     1
   Stab: Sleeping          |       |     2 ||     2
 Armour: Leather armour    |    40 |    57 ||    97
  Dodge: Dodged            |    62 |    81 ||   143

Table legend: (Time is in decaauts)
 A = Elapsed time spent in this place.
 B = Non-inter-level travel time spent in this place.
 C = Inter-level travel time spent in this place.
 D = Time resting spent in this place.
 E = Time spent auto-exploring this place.
 F = Levels seen in this place.
 G = Mean time per level.
                   A        B        C        D        E       F      G
               +--------+--------+--------+--------+--------+-----+--------+
         Total |   1570 |   1545 |     25 |    176 |    485 |   4 |  392.5 |
       Dungeon |   1570 |   1545 |     25 |    176 |    485 |   4 |  392.5 |
               +--------+--------+--------+--------+--------+-----+--------+

Top non-repeatable levels by time:
     D:1: 642 daAuts
     D:3: 495 daAuts
     D:2: 430 daAuts
     D:4: 1 daAuts
